 Dungeon Sprint DCSS version 0.20-a0-556-g892c87b (webtiles) character file.

58 dvd the Shield-Bearer (level 3, -5/37 HPs)
             Began as a Minotaur Fighter on Feb 4, 2017.
             Splashed by an oklob sapling priest's acid (7 damage)
             ... in the Dungeon (Sprint IV: "Fedhas' Mad Dash").
             The game lasted 00:00:39 (376 turns).

dvd the Shield-Bearer (Minotaur Fighter)             Turns: 376, Time: 00:00:41

Health: -5/37      AC:  7    Str: 20    XL:     3   Next: 75%
Magic:  1/2        EV:  8    Int:  5    God:
Gold:   36         SH: 10    Dex: 10    Spells: 2/2 levels left

rFire    . . .     SeeInvis .   a - +0 war axe
rCold    . . .     Gourm    .   b - +0 scale mail
rNeg     . . .     Faith    .   c - +0 shield
rPois    .         Spirit   .   (helmet restricted)
rElec    .         Reflect  .   (no cloak)
rCorr    .         Harm     .   (no gloves)
MR       .....     NoTele   +   (no boots)
Stlth    ..........             m - amulet of invisibility {+Inv}
Regen    0.2/turn               (no ring)
                                (no ring)

@: very slightly contaminated, invisible (expiring)
A: retaliatory headbutt, horns 2
a: Turn Visible


You were in the Dungeon.
You were not hungry.

You visited 1 branch You collected 36 gold pieces.

Inventory:

Hand Weapons
 a - a +0 war axe (weapon)
Armour
 b - a +0 scale mail (worn)
 c - a +0 shield (worn)
Jewellery
 m - the amulet of invisibility (around neck) {+Inv}
   (You found it in the Dungeon)

   [amulet of nothing]

   It lets you turn invisible.
Scrolls
 k - a scroll of blinking
 n - a scroll of enchant weapon {unknown}
Potions
 d - a potion of might
 e - a potion of curing
 g - a potion of heal wounds
 h - a potion of haste
 i - 2 potions of magic
 j - a potion of berserk rage
 l - a potion of lignification {unknown}
Comestibles
 f - a bread ration
 o - 3 chunks of flesh


   Skills:
 + Level 5.7 Fighting
 + Level 4.2 Axes
 + Level 5.9 Armour
 + Level 6.1 Shields


You had 2 spell levels left.
You didn't know any spells.

Dungeon Overview and Level Annotations

Branches:
Dungeon (1/1)

Altars:
Cheibriados
Dithmenos
Elyvilon
Gozag
Hepliaklqana
Kikubaaqudgha
Makhleb
Nemelex Xobeh
Okawaru
Qazlal
Ru
Sif Muna
Trog
Uskayaw
Vehumet
Xom
Yredelemnul
Zin
The Shining One
Beogh
Jiyva
Lugonu

Annotations:
D exclusion: oklob sapling


Innate Abilities, Weirdness & Mutations

You reflexively headbutt those who attack you in melee.
You have a pair of horns on your head.


Message History

There is a burning altar of Makhleb here.
There is a deep blue altar of Sif Muna here.
You flicker for a moment.
The oklob sapling priest spits acid at you.
You block the splash of acid.
You slash the oklob sapling priest!
The oklob sapling priest is heavily damaged.
The oklob sapling priest spits acid at you.
You block the splash of acid.
You hit the oklob sapling priest.
The oklob sapling priest is severely damaged.
The oklob sapling priest spits acid at you.
The splash of acid hits you!
You are splashed with acid!
The acid burns!
You hit the oklob sapling priest but do no damage.
The oklob sapling priest is severely damaged.
The oklob sapling priest spits acid at you.
The splash of acid hits you!
* * * LOW HITPOINT WARNING * * *
You are splashed with acid!
The acid burns!
You die...

########################
....#.....#.⌠._._._._.⌠.
[...'.#...'.._._._._._..
....#.#...#..._._P_._...
########+##.._._@_._._..
#.⌠._._._._.⌠.
##############


You could see an oklob sapling priest.

Vanquished Creatures
  An oklob sapling (D)
  A worker ant (D)
  A river rat (D)
  A rat (D)
4 creatures vanquished.

Notes
Turn   | Place    | Note
-------+----------+-------------------------------------------
     0 | D        | dvd the Minotaur Fighter began the quest for the Orb.
     0 | D        | Reached XP level 1. HP: 19/19 MP: 0/0
    11 | D        | Reached skill level 4 in Shields
    11 | D        | Reached XP level 2. HP: 14/28 MP: 1/1
   167 | D        | Noticed an oklob sapling
   169 | D        | Killed an oklob sapling
   169 | D        | Reached skill level 5 in Fighting
   169 | D        | Reached skill level 5 in Armour
   169 | D        | Reached skill level 5 in Shields
   169 | D        | Reached XP level 3. HP: 36/36 MP: 2/2
   274 | D        | Reached skill level 6 in Shields
   366 | D        | Found an opulent altar of Gozag.
   366 | D        | Found a hazy altar of Hepliaklqana.
   366 | D        | Found a roughly hewn altar of Beogh.
   366 | D        | Found a snail-covered altar of Cheibriados.
   367 | D        | Found a viscous altar of Jiyva.
   367 | D        | Found a burning altar of Makhleb.
   367 | D        | Found a sparkling altar of Nemelex Xobeh.
   367 | D        | Found a sacrificial altar of Ru.
   367 | D        | Found a deep blue altar of Sif Muna.
   367 | D        | Found a bloodstained altar of Trog.
   367 | D        | Found a shimmering altar of Xom.
   367 | D        | Found a basalt altar of Yredelemnul.
   367 | D        | Noticed an oklob sapling priest
   368 | D        | Found an iron altar of Okawaru.
   368 | D        | Found a shadowy altar of Dithmenos.
   368 | D        | Found a glowing silver altar of Zin.
   369 | D        | Found a hide-covered altar of Uskayaw.
   369 | D        | Found an ancient bone altar of Kikubaaqudgha.
   370 | D        | Found a stormy altar of Qazlal.
   370 | D        | Found a glowing golden altar of the Shining One.
   370 | D        | Found a white marble altar of Elyvilon.
   371 | D        | Found a radiant altar of Vehumet.
   371 | D        | Found a corrupted altar of Lugonu.
   376 | D        | Splashed by an oklob sapling priest's acid

Vault maps used:
D:        dungeon_sprint_fedhas

Skill      XL: |  1  2  3 |
---------------+----------+-----
Fighting       | 4 5 |  5.7
Axes           | 3 4 |  4.2
Armour         | 4 5 |  5.9
Shields        | 4 5 6 |  6.1

Action                   || total
-------------------------++-------
Melee: War axe           ||    14
       Headbutt          ||     2
 Abil: Evoke Invisibilit ||     1
Armor: Scale mail        ||     6
Dodge: Dodged            ||     3
Block: Shield            ||     6
